 Dungeon Crawl Stone Soup version 0.17.1-3-g152610e (webtiles) character file.

24653 juanjsm the Covert (level 12, 0/56 HPs)
             Began as a Spriggan Venom Mage on Apr 14, 2016.
             Was a High Priest of Vehumet.
             Slain by an anaconda (3 damage)
             ... on level 8 of the Lair of Beasts on Apr 15, 2016.
             The game lasted 03:28:32 (21678 turns).

juanjsm the Covert (Spriggan Venom Mage)           Turns: 21678, Time: 03:28:32

Health: 0/56       AC:  3    Str:  4    XL:     12   Next: 82%
Magic:  20/29      EV: 28    Int: 21    God:    Vehumet [*****.]
Gold:   1227       SH:  0    Dex: 17    Spells: 10 memorised, 4 levels left

rFire  . . .     SeeInvis +     R - +9 short sword (venom)
rCold  . . .     Clarity  .     a - +0 robe
rNeg   . . .     SustAt   .     (shield restricted)
rPois  .         Gourm    .     (helmet restricted)
rElec  .         Spirit   .     d - +0 cloak
rCorr  .         Warding  .     (gloves unavailable)
rMut   .         Rnd*Tele +     (boots unavailable)
MR     ++...                    (no amulet)
Stlth  +++++++...               N - +4 ring of evasion
                                h - ring of teleportation

@: about to teleport, constricted, very quick, very resistant to hostile
enchantments, extremely stealthy
A: unfitting armour, see invisible, herbivore 3, speed 3, slow metabolism 2
a: Renounce Religion, Evoke Teleportation


You were on level 8 of the Lair of Beasts.
You worshipped Vehumet.
Vehumet was extremely pleased with you.
You were hungry.

You visited 3 branches of the dungeon, and saw 20 of its levels.

You collected 1287 gold pieces.
You spent 60 gold pieces at shops.

Inventory:

Hand Weapons
 H - a +1 dagger of draining
 K - a +0 hunting sling
 R - a +9 short sword of venom (weapon)
Missiles
 B - 339 stones (quivered)
Armour
 a - a +0 robe (worn)
 d - a +0 cloak (worn)
Jewellery
 h - a ring of teleportation (left hand)
 m - an uncursed ring of positive energy
 r - a +3 ring of slaying
 z - an uncursed amulet of stasis
 J - an uncursed ring of protection from fire
 N - a +4 ring of evasion (right hand)
 S - an uncursed ring of poison resistance
Wands
 n - a wand of polymorph (9)
 o - a wand of cold (7)
 u - a wand of digging (18)
 x - a wand of lightning (13)
 y - a wand of paralysis (11)
 C - a wand of disintegration (11)
 M - a wand of fireball (9)
Scrolls
 j - 4 scrolls of recharging
 p - a scroll of amnesia
 s - 3 scrolls of teleportation
 F - 3 scrolls of fear
 G - 3 scrolls of magic mapping
 O - 2 scrolls of fog
 Q - a scroll of enchant weapon
 W - a scroll of enchant armour {unknown}
 X - a scroll of summoning {unknown}
 Y - a scroll of random uselessness {unknown}
Potions
 g - 6 potions of curing
 i - a potion of cure mutation
 k - 2 potions of cancellation
 l - 4 potions of ambrosia
 q - 2 potions of might
 t - 2 potions of haste
 v - a potion of heal wounds
 w - 7 potions of magic
 D - 2 potions of agility
 I - a potion of berserk rage
 L - 3 potions of brilliance
 Z - a potion of lignification
Books
 b - a Young Poisoner's Handbook

   Spells                             Type                      Level
   a - Sting                          Conjuration/Poison           1
   b - Cure Poison                    Poison                       2
   c - Mephitic Cloud                 Conjuration/Poison/Air       3
   d - Olgreb's Toxic Radiance        Poison                       4
   e - Venom Bolt                     Conjuration/Poison           5
 e - a book of Party Tricks

   Spells                             Type                      Level
   a - Summon Butterflies             Summoning                    1
   b - Apportation                    Translocation                1
   c - Tukima's Dance                 Hexes                        3
   d - Alistair's Intoxication        Transmutation/Poison         4
   e - Invisibility                   Hexes                        6
 A - a book of Beasts

   Spells                             Type                      Level
   a - Summon Butterflies             Summoning                    1
   b - Call Canine Familiar           Summoning                    3
   c - Summon Ice Beast               Ice/Summoning                4
   d - Summon Mana Viper              Hexes/Summoning              5
   e - Summon Hydra                   Summoning                    7
 E - a book of Geomancy

   Spells                             Type                      Level
   a - Sandblast                      Earth                        1
   b - Stoneskin                      Transmutation/Earth          2
   c - Passwall                       Transmutation/Earth          3
   d - Stone Arrow                    Conjuration/Earth            3
   e - Petrify                        Transmutation/Earth          4
   f - Lee's Rapid Deconstruction     Earth                        5
 U - a book of Burglary

   Spells                             Type                      Level
   a - Swiftness                      Charms/Air                   2
   b - Passwall                       Transmutation/Earth          3
   c - Passage of Golubria            Translocation                4
   d - Lee's Rapid Deconstruction     Earth                        5
   e - Darkness                       Hexes                        6
   f - Invisibility                   Hexes                        6
 V - a book of Summonings

   Spells                             Type                      Level
   a - Recall                         Summoning/Translocation      3
   b - Aura of Abjuration             Summoning                    5
   c - Shadow Creatures               Summoning                    5
   d - Summon Demon                   Summoning                    5
   e - Summon Forest                  Summoning/Translocation      5
   f - Summon Mana Viper              Hexes/Summoning              5
Miscellaneous
 P - a disc of storms
 T - a crystal ball of energy
Comestibles
 c - 10 bread rations
 f - 21 fruits


   Skills:
 + Level 3.5 Fighting
 + Level 4.2 Short Blades
 + Level 11.4 Dodging
 + Level 13.7 Stealth
 + Level 12.7 Spellcasting
 + Level 7.2 Conjurations
 + Level 0.6 Transmutations
 + Level 3.3 Air Magic
 + Level 4.9 Earth Magic
 + Level 8.4 Poison Magic
 + Level 1.0 Evocations


You had 4 spell levels left.
You knew the following spells:

 Your Spells              Type           Power        Failure   Level  Hunger
a - Sting                 Conj/Pois      ####         1%          1    None
b - Cure Poison           Pois           #####.....   1%          2    None
c - Mephitic Cloud        Conj/Pois/Air  #####...     1%          3    None
d - Venom Bolt            Conj/Pois      #####.....   1%          5    ####...
e - Stone Arrow           Conj/Erth      #####.       1%          3    None
f - Passwall              Trmt/Erth      ####......   4%          3    None
g - Sticky Flame          Conj/Fire      ####....     4%          4    None
h - Iskenderun's Mystic   Conj           #####...     1%          4    None
i - Apportation           Tloc           ##........   6%          1    None
j - Poisonous Cloud       Conj/Pois/Air  #####.....   19%         6    #####..


Dungeon Overview and Level Annotations

Branches:
Dungeon (11/15)            Temple (1/1) D:6            Lair (8/8) D:10
  Swamp (0/4) Lair:3       Spider (0/4) Lair:3        Slime (0/6) Lair:7
    Orc (0/4) D:10

Altars:
Ashenzari
Cheibriados
Dithmenos
Elyvilon
Fedhas
Gozag
Kikubaaqudgha
Makhleb
Nemelex Xobeh
Okawaru
Qazlal
Ru
Sif Muna
Trog
Vehumet
Xom
Yredelemnul
Zin
The Shining One

Shops:
D:4 !

Annotations:
D:5 Edmund, Menkaure
D:11 Snorg
Lair:1 barb4r1an's ghost, journeyman HOFi
Lair:3 Gastronok; Rupert
Lair:4 Charly's ghost, novice VSTm
Lair:5 exclusion: oklob plant


Innate Abilities, Weirdness & Mutations

You are tiny and cannot use many weapons and most armour.
You have supernaturally acute eyesight.
You are a herbivore.
You cover ground extremely quickly.
You need consume almost no food.


Message History

Casting: Stone Arrow
Confirm with . or Enter, or press ? or * to list all spells.
Aiming: Stone Arrow
Press: ? - help, Shift-Dir - straight line, f/p - anaconda
Aim: an anaconda (lightly wounded)
The stone arrow hits the anaconda.
The anaconda is moderately wounded.
The anaconda completely misses you. The anaconda bites you!
The anaconda closely misses you.
The anaconda bites you but does no damage.
You feel strangely unstable.
You are feeling hungry.
The anaconda grabs you. The anaconda bites you!
* * * LOW HITPOINT WARNING * * *
x2 The anaconda constricts you.
Your attempt to break free from the anaconda fails, but you feel that another attempt might succeed.
The anaconda closely misses you.
* * * LOW HITPOINT WARNING * * *
The anaconda constricts you. The anaconda bites you.
You die...

##....#..#......................
#.....##.#......................
#......#.##.....................
#...†..#.#.P..P............P....
##...)##.#................P.....
#######.#....#..............#.#
##8.#.....................#
#8..'...................##.
#.⌠.'....S@.............##.
#8..'..............P......#
##8.#.P..........PP..P..#.#
#++####.#...........(.PP.......
##≈≈≈.##.#.............PP.......
#≈≈≈≈≈.#.#.............P........
#≈≈≈≈≈≈#.#......................
#P.≈≈≈##.#..................P...
#...≈#..#.P................P...


You could see an anaconda.

Vanquished Creatures
  3 hydras
  A centaur zombie (D:10)
  A black mamba (Lair:8)
  5 elephants
  10 spiny frogs
  14 komodo dragons
  2 polar bears (Lair:2)
  A fire drake (Lair:7)
  A trapdoor spider zombie (D:8)
  13 blink frogs
  A two-headed ogre (D:10)
  20 yaks
  A basilisk (Lair:3)
  A hungry ghost (D:10)
  6 hippogriffs
  2 wolves (Lair:1)
  8 water moccasins
  7 porcupines
  3 ogres
  6 orc warriors
  3 black bears
  A necrophage (D:10)
  4 sky beasts
  9 crocodiles
  2 centaurs
  A big kobold (D:9)
  8 giant frogs
  A wyvern skeleton (D:9)
  3 scorpions
  An electric eel (Lair:2)
  3 crimson imps
  9 orc priests
  2 giant frog skeletons
  5 jellies
  A centaur skeleton (D:9)
  7 hounds
  Jessica (D:3)
  Terence (D:3)
  13 orc wizards
  11 worker ants
  9 iguanas
  6 sheep (Lair:1)
  A mummy (D:8)
  A hound skeleton (D:9)
  Robin (D:2)
  7 adders
  A gnoll (D:8)
  44 river rats
  A shadow imp (D:9)
  3 oozes
  An adder skeleton (D:9)
  A worm (Lair:3)
  11 giant geckos
  42 orcs
  3 ball pythons
  10 bats
  5 giant cockroaches
  20 hobgoblins
  12 jackals
  5 quokkas
  4 giant newts
  19 goblins
  A jackal skeleton (D:6)
  15 kobolds
  6 orc zombies (D:10)
  7 rats
  A fungus (Lair:4)
  8 plants
437 creatures vanquished.

Vanquished Creatures (collateral kills)
  An orc (D:9)
1 creature vanquished.

Vanquished Creatures (others)
  A bush (Lair:3)
  A butterfly (Lair:7)
  11 fungi
  12 plants
25 creatures vanquished.

Grand Total: 463 creatures vanquished

Notes
Turn   | Place    | Note
--------------------------------------------------------------
     0 | D:1      | juanjsm the Spriggan Venom Mage began the quest for the Orb.
     0 | D:1      | Reached XP level 1. HP: 9/9 MP: 5/5
   104 | D:1      | Reached XP level 2. HP: 1/13 MP: 0/6
   108 | D:1      | Learned a level 2 spell: Cure Poison
   901 | D:1      | Reached XP level 3. HP: 16/16 MP: 8/8
   906 | D:1      | Learned a level 3 spell: Mephitic Cloud
  1362 | D:2      | Noticed Robin
  1455 | D:2      | Killed Robin
  1546 | D:2      | Found a blossoming altar of Fedhas.
  1589 | D:2      | Reached XP level 4. HP: 13/21 MP: 4/9
  2055 | D:3      | Noticed Terence
  2093 | D:3      | Killed Terence
  2093 | D:3      | Reached skill level 1 in Conjurations
  2488 | D:3      | Reached XP level 5. HP: 24/24 MP: 3/11
  2685 | D:3      | Noticed Jessica
  2703 | D:3      | Killed Jessica
  3004 | D:3      | Reached skill level 5 in Stealth
  3021 | D:3      | Learned a level 5 spell: Venom Bolt
  3069 | D:4      | Found Qipod's Distillery.
  3072 | D:4      | Bought a potion of heal wounds for 60 gold pieces
  3247 | D:4      | Reached skill level 5 in Poison Magic
  3319 | D:4      | Reached XP level 6. HP: 21/28 MP: 5/13
  3554 | D:5      | Entered Level 5 of the Dungeon
  3972 | D:5      | Found a radiant altar of Vehumet.
  3983 | D:5      | Became a worshipper of Vehumet
  4071 | D:5      | Noticed Menkaure
  4139 | D:6      | Found a staircase to the Ecumenical Temple.
  4166 | D:6      | Reached skill level 5 in Dodging
  4311 | D:5      | Noticed Edmund
  4327 | D:5      | Reached XP level 7. HP: 32/32 MP: 7/15
  4560 | D:6      | Noticed a water moccasin
  4564 | Temple   | Entered the Ecumenical Temple
  4852 | D:6      | Found a glowing golden altar of the Shining One.
  5079 | D:5      | Found a bloodstained altar of Trog.
  5158 | D:6      | Found a shimmering altar of Xom.
  5202 | D:6      | Reached skill level 6 in Stealth
  5364 | D:6      | Reached skill level 1 in Short Blades
  5403 | D:6      | Reached skill level 5 in Spellcasting
  5560 | D:8      | Reached * piety under Vehumet
  5560 | D:8      | Offered knowledge of Flame Tongue by Vehumet.
  5634 | D:7      | Reached skill level 1 in Fighting
  5634 | D:7      | Reached XP level 8. HP: 28/37 MP: 12/17
  5712 | D:6      | Reached skill level 7 in Stealth
  6614 | D:6      | Reached skill level 1 in Air Magic
  6934 | D:7      | Reached skill level 8 in Stealth
  6951 | D:7      | Found an ancient bone altar of Kikubaaqudgha.
  6951 | D:7      | Found a radiant altar of Vehumet.
  7072 | D:7      | Learned a level 3 spell: Stone Arrow
  7076 | D:7      | Learned a level 3 spell: Passwall
  7569 | D:8      | Found an iron altar of Okawaru.
  7699 | D:8      | Reached XP level 9. HP: 37/42 MP: 1/19
  7986 | D:9      | Reached ** piety under Vehumet
  8083 | D:8      | Offered knowledge of Throw Frost by Vehumet.
  8250 | D:9      | Reached skill level 1 in Evocations
  8269 | D:10     | Entered Level 10 of the Dungeon
  8591 | D:9      | Found a radiant altar of Vehumet.
  8694 | D:9      | Found a blossoming altar of Fedhas.
  8856 | D:9      | Reached skill level 9 in Stealth
  9255 | D:9      | Offered knowledge of Searing Ray by Vehumet.
  9788 | D:9      | Reached *** piety under Vehumet
 10150 | D:8      | Reached skill level 1 in Earth Magic
 10454 | D:10     | Found a staircase to the Lair.
 10524 | D:10     | Noticed a centaur zombie
 10578 | D:10     | Killed a centaur zombie
 10619 | D:11     | Noticed Snorg
 10864 | D:10     | Reached XP level 10. HP: 40/47 MP: 23/23
 11249 | D:10     | Offered knowledge of Sticky Flame by Vehumet.
 11255 | D:10     | Learned a level 4 spell: Sticky Flame
 11432 | D:10     | Found a staircase to the Orcish Mines.
 11516 | Lair:1   | Entered Level 1 of the Lair of Beasts
 11525 | Lair:1   | Noticed barb4r1an's ghost (journeyman HOFi)
 11890 | Lair:1   | Got an encrusted war axe
 12029 | Lair:1   | Reached skill level 10 in Stealth
 12190 | Lair:1   | Reached skill level 5 in Conjurations
 12327 | Lair:1   | Reached skill level 10 in Dodging
 12550 | Lair:1   | Reached skill level 10 in Spellcasting
 12862 | Lair:1   | Reached XP level 11. HP: 45/51 MP: 26/26
 12949 | D:10     | Identified the cursed +0 war axe of Urgency {venom, *Noise rC+ MR+ Dex+3} (You found it on level 1 of the Lair of Beasts)
 13041 | Lair:1   | Reached **** piety under Vehumet
 13205 | Lair:2   | Reached skill level 11 in Stealth
 13346 | Lair:2   | Noticed a six-headed hydra
 13401 | Lair:2   | Killed a six-headed hydra
 14091 | Lair:3   | Found a hole to the Spider Nest.
 14175 | Lair:3   | Offered knowledge of Iskenderun's Mystic Blast by Vehumet.
 14223 | Lair:3   | Learned a level 4 spell: Iskenderun's Mystic Blast
 14312 | Lair:3   | Noticed Gastronok
 14430 | Lair:3   | Noticed Rupert
 14442 | Lair:3   | Found a staircase to the Swamp.
 15238 | Lair:3   | Noticed a death yak
 15239 | Lair:3   | Noticed a death yak
 15239 | Lair:3   | Noticed a death yak
 15239 | Lair:3   | Noticed a death yak
 15240 | Lair:3   | Noticed a death yak
 15240 | Lair:3   | Noticed a death yak
 15300 | Lair:3   | Reached ***** piety under Vehumet
 15314 | Lair:3   | Offered knowledge of Airstrike by Vehumet.
 15569 | Lair:4   | Noticed Charly's ghost (novice VSTm)
 15777 | Lair:3   | Reached skill level 12 in Stealth
 17162 | Lair:6   | Learned a level 1 spell: Apportation
 17188 | Lair:6   | Reached XP level 12. HP: 45/56 MP: 20/28
 17245 | Lair:7   | Noticed a four-headed hydra
 17399 | Lair:8   | Entered Level 8 of the Lair of Beasts
 19215 | Lair:7   | Found a staircase to the Slime Pits.
 19233 | Lair:7   | Offered knowledge of Poisonous Cloud by Vehumet.
 19241 | Lair:7   | Learned a level 6 spell: Poisonous Cloud
 19406 | Lair:7   | HP: 2/56 [acid (7)]
 19517 | Lair:7   | Killed a four-headed hydra
 19875 | Lair:8   | Reached skill level 13 in Stealth
 20014 | Lair:8   | Noticed a six-headed hydra
 20120 | Lair:8   | Killed a six-headed hydra
 20889 | Lair:8   | Noticed an anaconda
 21678 | Lair:8   | Slain by an anaconda

Action                   |  1- 3 |  4- 6 |  7- 9 | 10-12 || total
-------------------------+-------+-------+-------+-------++-------
Melee: Unarmed           |    26 |       |       |       ||    26
       Short sword       |    38 |       |       |   325 ||   363
       Dagger            |     3 |   159 |   435 |   144 ||   741
 Cast: Sting             |    56 |   137 |   213 |   223 ||   629
       Mephitic Cloud    |     2 |     2 |    38 |    39 ||    81
       Cure Poison       |       |     1 |     1 |     2 ||     4
       Stone Arrow       |       |       |    45 |   188 ||   233
       Passwall          |       |       |     3 |     1 ||     4
       Venom Bolt        |       |       |       |    12 ||    12
       Sticky Flame      |       |       |       |     1 ||     1
       Iskenderun's Myst |       |       |       |    15 ||    15
       Poisonous Cloud   |       |       |       |     2 ||     2
 Abil: Evoke Teleportati |       |       |     2 |     2 ||     4
Evoke: Wand              |       |       |     3 |       ||     3
  Use: Scroll            |       |     6 |    11 |    12 ||    29
       Potion            |       |       |       |     2 ||     2
 Stab: Sleeping          |    14 |    12 |    15 |    31 ||    72
       Confused          |       |       |    11 |    24 ||    35
       Distracted        |       |       |     2 |     1 ||     3
  Eat: Pizza             |       |     2 |       |       ||     2
       Fruit             |       |       |     7 |    13 ||    20
